 Dungeon Crawl Stone Soup version 0.29.1-15-g9cfb28693d (webtiles) character file.

Game seed: 7158112613399517097

3247 firemarshallily the Fighter (level 9, -1/75 HPs)
             Began as a Demonspawn Gladiator on Feb 25, 2023.
             Was an Elder of Fedhas.
             Slain by a gnoll sergeant
             ... wielding a +0 bardiche
              (5 damage)
             ... in a bailey.
             The game lasted 00:19:33 (7596 turns).

firemarshallily the Fighter (Demonspawn Gladiator)  Turns: 7596, Time: 00:19:34

Health: -1/75      AC: 12    Str: 22    XL:     9   Next: 67%
Magic:  9/9        EV: 13    Int: 11    God:    Fedhas [****..]
Gold:   320        SH:  0    Dex: 20    Spells: 8/8 levels left

rFire   . . .      SeeInvis .   v - +3 glaive of Perfectionism {flame, Str+6 Dex+4}
rCold   + . .      Faith    .   (shield currently unavailable)
rNeg    . . .      Spirit   .   E - +1 swamp dragon scales
rPois   +          Reflect  .   (helmet restricted)
rElec   .          Harm     .   (no cloak)
rCorr   .          Rampage  .   m - +2 pair of gloves
Will    .....      Rage     3%  (no boots)
Stlth   +.........              l - amulet of the acrobat
HPRegen 0.22/turn               c - ring of protection from cold
MPRegen 0.22/turn               (no ring)

@: flying
A: antennae 1, thin metallic scales 2, magic regeneration, berserk 1, deformed
body, sturdy frame 1
a: Renounce Religion, Wall of Briars, Grow Ballistomycete, Overgrow


You were in a bailey.
You worshipped Fedhas.
Fedhas was greatly pleased with you.
You visited 1 branch of the dungeon, and saw 7 of its levels.
You also visited: Bailey.

You collected 320 gold pieces.

Inventory:

Hand Weapons
 a - a +0 long sword
 v - the +3 glaive of Perfectionism (weapon) {flame, Str+6 Dex+4}
   (You found it on level 4 of the Dungeon)

   It burns those it strikes, dealing additional fire damage.
   Big, fiery blades are also staple armaments of hydra-hunters.
   Str:       It affects your strength (+6).
   Dex:       It affects your dexterity (+4).
Missiles
 d - 7 throwing nets (quivered)
 e - a javelin
 f - 30 stones
 j - 17 poisoned darts
 H - 2 boomerangs
Armour
 m - a +2 pair of gloves (worn)
 E - +1 swamp dragon scales (worn)
Jewellery
 c - a ring of protection from cold (left hand)
 l - an amulet of the acrobat (around neck)
 y - an amulet of reflection
Wands
 b - a wand of mindburst (10)
 u - a wand of light (12)
 A - a wand of polymorph (6)
 D - a wand of flame (18)
 F - a wand of roots (5)
Scrolls
 p - a scroll of silence
 w - 3 scrolls of teleportation
 B - a scroll of enchant weapon
 C - 2 scrolls of amnesia
 G - a scroll of vulnerability
Potions
 h - a potion of curing


   Skills:
 * Level 8.9 Fighting
 - Level 4.5 Long Blades
 * Level 6.8 Polearms
 - Level 1.7 Throwing
 + Level 4.8 Armour
 - Level 3.7 Dodging


You had 8 spell levels left.
You didn't know any spells.
Your spell library contained the following spells:

 Spells                   Type           Power      Damage    Failure   Level
 Magic Dart               Conj           0%         1d3       41%         1
 Searing Ray              Conj           0%         2d4       54%         2
 Frozen Ramparts          Ice            0%         1d1       78%         3
 Fulminant Prism          Conj/Hex       0%         3d6       99%         4
 Ice Form                 Ice/Tmut       0%         N/A       99%         4
 Summon Ice Beast         Ice/Summ       0%         N/A       99%         4


Dungeon Overview and Level Annotations

Branches:
Dungeon (7/15)             Temple (0/1) D:7          Bailey (1/1)

Altars:
Ashenzari
Fedhas

Shops:
D:5 (

Annotations:
D:3 3 runed translucent doors, kamileon1's ghost, weakling FeDe


Innate Abilities, Weirdness & Mutations

You have a pair of small antennae on your head.
You are mostly covered in thin metallic scales. (AC +3)
You regenerate magic rapidly.
You sometimes lose your temper in combat.
Armour fits poorly on your strangely shaped body.
Your movements are slightly less encumbered by armour. (ER -2)


Message History

You fly up into the air.
The wolf barely misses you. The gnoll bouda completely misses you.
The wolf closely misses you.
You feel better.
The wolf pauses to sniff the ground.
The wolf closely misses you.
The gnoll bouda hits you from afar with a +0 spear.
You barely miss the wolf.
The wolf is moderately wounded.
The wolf barely misses you. The wolf bites you but does no damage.
The wolf barely misses you. The wolf bites you but does no damage.
The gnoll bouda hits you from afar with a +0 halberd.
* * * LOW HITPOINT WARNING * * *
The gnoll bouda hits you but does no damage.
The wolf bites you.
* * * LOW HITPOINT WARNING * * *
The gnoll bouda hits you from afar with a +0 halberd!
* * * LOW HITPOINT WARNING * * *
The wolf bites you but does no damage.
Okay, then.
You hit the wolf. You burn the wolf.
The wolf is heavily wounded.
The wolf bites you but does no damage. x2; The wolf misses you.
The gnoll bouda closely misses you. The wolf bites you but does no damage.
Unknown command.
You miss the wolf.
The wolf is heavily wounded.
The gnoll sergeant is no longer moving quickly.
The wolf barely misses you. The wolf bites you but does no damage.
The wolf barely misses you.
The gnoll bouda barks out a call to the hunt!
The gnoll sergeant picks up the pace!
The gnoll sergeant barely misses you. The wolf bites you but does no damage.
You hit the wolf. You burn the wolf.
The wolf is severely wounded.
The wolf bites you but does no damage. The wolf bites you.
* * * LOW HITPOINT WARNING * * *
The wolf bites you but does no damage. The gnoll bouda closely misses you.
The gnoll sergeant hits you from afar with a +0 bardiche.
You die...
Fedhas appreciates your contribution to the ecosystem.

♣♣≈≈≈≈≈≈≈≈≈≈≈≈≈≈≈≈≈♣♣
♣≈≈...............≈≈♣
♣≈.................≈♣
♣≈..#####...#####..≈♣
♣≈.## #...#...##.≈♣
♣≈## +...'....##≈♣ ♣≈
#.))#.)...#≈♣ ♣≈
##)##.)..8#≈♣ ♣≈
##...##@h..#≈♣ ♣≈
##.)...##h..#≈♣ ♣≈
#.......#gg.#≈♣ ♣≈
#...8...#g###≈♣ ♣≈
#.......#g. ≈♣ ♣≈
##.....##... ≈♣ ♣≈
{{##...##....#≈♣ ♣≈
##'## ...8#≈♣ ♣≈ {
#...#g....#≈♣


You could see 2 gnoll sergeants, 2 wolves and 2 gnoll boudas.

Vanquished Creatures
  Joseph (D:7)
  Maggie (D:6)
  Menkaure (D:6)
  Duvessa (D:7)
  2 water moccasins (D:6)
  A black bear (D:7)
  A sky beast (D:5)
  An ice beast (D:5)
  2 ogres
  Blork the orc (D:4)
  A scorpion (D:6)
  2 necrophages
  3 bullfrogs (D:7)
  3 gnoll sergeants (Bailey)
  Dowan (D:7)
  5 killer bees (D:7)
  7 hounds
  3 jellies
  3 orc priests (D:5)
  2 gnoll boudas (Bailey)
  6 orc wizards
  9 gnolls
  8 adders
  3 white imps
  5 worms
  3 dart slugs
  8 orcs
  6 bats
  4 endoplasms
  4 giant cockroaches
  7 goblins
  14 hobgoblins
  2 jackals (D:1)
  3 quokkas
  5 ball pythons
  3 frilled lizards
  3 kobolds
  4 rats
139 creatures vanquished.

Notes
Turn   | Place    | Note
-------+----------+-------------------------------------------
     0 | D:1      | firemarshallily the Demonspawn Gladiator began the quest
                  | for the Orb.
     0 | D:1      | Reached XP level 1. HP: 16/16 MP: 1/1
   368 | D:1      | Gained mutation: You regenerate magic rapidly. [demonic
                  | ancestry]
   368 | D:1      | Reached XP level 2. HP: 12/22 MP: 2/2
   732 | D:1      | Found a faded altar of an unknown god.
   784 | D:1      | Prayed at the altar of an unknown god.
   784 | D:1      | Became a worshipper of Fedhas Madash
   784 | D:1      | Reached * piety under Fedhas
  1054 | D:1      | Reached XP level 3. HP: 28/28 MP: 3/3
  1665 | D:2      | Reached skill level 3 in Fighting
  1877 | D:2      | Gained mutation: You have a pair of small antennae on your
                  | head. [demonic ancestry]
  1877 | D:2      | Reached XP level 4. HP: 6/35 MP: 4/4
  2451 | D:2      | Reached ** piety under Fedhas
  3427 | D:3      | Found a runed translucent gate.
  3427 | D:3      | Noticed kamileon1's ghost (weakling FeDe)
  3428 | D:3      | Found a runed translucent gate.
  3429 | D:3      | Found a runed translucent gate.
  3433 | D:3      | Identified the +3 short sword "Uqeskir" {venom, rCorr MP+9
                  | Int-2 Dex+8}
  3433 | D:3      | Identified the +4 ring mail of Tulips {Str+3}
  3864 | D:3      | Gained mutation: You are partially covered in thin metallic
                  | scales. (AC +2) [demonic ancestry]
  3864 | D:3      | Reached XP level 5. HP: 30/41 MP: 5/5
  4245 | D:4      | Noticed an ogre
  4253 | D:4      | Killed an ogre
  4254 | D:4      | Reached skill level 4 in Fighting
  4574 | D:4      | Gained mutation: You are mostly covered in thin metallic
                  | scales. (AC +3) [demonic ancestry]
  4574 | D:4      | Reached XP level 6. HP: 42/48 MP: 6/6
  4618 | D:4      | Noticed Blork the orc
  4628 | D:4      | Killed Blork the orc
  4669 | D:4      | Identified the +3 glaive of Perfectionism {flame, Str+6
                  | Dex+4}
  4675 | D:4      | Found a broken altar of Ashenzari.
  5234 | D:5      | Entered Level 5 of the Dungeon
  5309 | D:5      | Noticed a sky beast
  5349 | D:5      | Killed a sky beast
  5350 | D:5      | Reached skill level 5 in Fighting
  5350 | D:5      | Reached skill level 1 in Polearms
  5350 | D:5      | Reached skill level 1 in Armour
  5494 | D:5      | Reached XP level 7. HP: 51/56 MP: 7/7
  5588 | D:5      | Found Cottekea's Antique Weapon Shoppe.
  5700 | D:5      | Reached *** piety under Fedhas
  6125 | D:6      | Noticed Menkaure
  6135 | D:6      | Killed Menkaure
  6136 | D:6      | Reached skill level 6 in Fighting
  6136 | D:6      | Reached XP level 8. HP: 60/64 MP: 8/8
  6143 | D:6      | Noticed Maggie
  6154 | D:6      | Killed Maggie
  6310 | D:6      | Reached skill level 7 in Fighting
  6466 | D:6      | Reached skill level 5 in Polearms
  6636 | D:7      | Reached XP level 9. HP: 73/73 MP: 9/9
  6645 | D:7      | Noticed Joseph
  6660 | D:7      | Killed Joseph
  6661 | D:7      | Reached skill level 8 in Fighting
  6664 | D:7      | Gained mutation: You are somewhat resistant to further
                  | mutation. [potion of mutation]
  6664 | D:7      | Gained mutation: You are frail. (-10% HP) [potion of
                  | mutation]
  6862 | D:7      | Found a flagged portal.
  6866 | D:7      | Noticed Dowan
  6867 | D:7      | Noticed Duvessa
  6872 | D:7      | Killed Dowan
  6877 | D:7      | Killed Duvessa
  6881 | D:7      | Reached **** piety under Fedhas
  6897 | D:7      | HP: 3/67 [poisoned by a killer bee]
  6900 | D:7      | HP: 1/67 [poisoned by a killer bee]
  6952 | D:7      | Lost mutation: You are frail. (-10% HP) [potion of
                  | mutation]
  6952 | D:7      | Lost mutation: You are somewhat resistant to further
                  | mutation. [potion of mutation]
  6952 | D:7      | Gained mutation: Your movements are slightly less
                  | encumbered by armour. (ER -2) [potion of mutation]
  6952 | D:7      | Gained mutation: You sometimes lose your temper in combat.
                  | [potion of mutation]
  6952 | D:7      | Gained mutation: Armour fits poorly on your strangely
                  | shaped body. [potion of mutation]
  6968 | Bailey   | Entered a bailey
  7596 | Bailey   | Slain by a gnoll sergeant

Illustrated notes

Levels and vault maps discovered:
D:1:      dpeg_arrival_water_fire, layout_basic,
          hellmonk_ecumenical_altar_dog_temple
D:2:      cheibrodos_greedy_goblins, layout_loops_ring, minmay_heptomino_h4
D:3:      layout_loops_ring, biasface_ghost_orc_armoury
D:4:      layout_loops_ring, ashenzari_altar_1, uniq_blork_the_orc
D:5:      layout_cave_pools, serial_shops, shop
D:6:      layout_rooms, uniq_menkaure, uniq_maggie
D:7:      layout_gridville, minmay_temple_entry_nine_rooms, enter_bailey_2,
          uniq_duvessa, uniq_joseph
Bailey:   bailey_polearm_gnolls_kennysheep, bailey

Skill      XL: |  1  2  3  4  5  6  7  8  9 |
---------------+----------------------------+-----
Long Blades    | 3 4 |  4.5
Dodging        | 3 |  3.7
Fighting       | 3 4 5 6 7 8 |  8.9
Polearms       | 1 3 5 6 |  6.8
Armour         | 1 2 3 4 |  4.8
Throwing       | |  1.7

Action                   |  1- 3 |  4- 6 |  7- 9 || total
-------------------------+-------+-------+-------++-------
Melee: Long sword        |   107 |   136 |       ||   243
       Punch             |       |     3 |       ||     3
       Glaive            |       |    27 |   171 ||   198
Throw: Dart              |       |     1 |     4 ||     5
  Use: Potion            |     1 |       |    11 ||    12
       Scroll            |       |       |    13 ||    13
 Stab: Sleeping          |       |     4 |     1 ||     5
       Invisible         |       |     2 |       ||     2
Armor: Leather armour    |    39 |    33 |       ||    72
       Ring mail         |       |     7 |    19 ||    26
       Swamp dragon scal |       |       |   104 ||   104
Dodge: Dodged            |    85 |   102 |   218 ||   405
